 Dungeon Crawl Stone Soup version 0.30-a0-726-gd89dcf765f (webtiles) character file.

Game seed: 10131941609327985137

63 timneilson the Shield-Bearer (level 4, 0/28 HPs)
             Began as a Gargoyle Fighter on Jan 29, 2023.
             Slain by an orc
             ... wielding a +0 trident
              (3 damage)
             ... on level 3 of the Dungeon.
             The game lasted 00:02:21 (1690 turns).

timneilson the Shield-Bearer (Gargoyle Fighter)     Turns: 1690, Time: 00:02:21

Health: 0/28       AC: 12    Str: 21    XL:     4   Next: 10%
Magic:  4/4        EV:  9    Int:  9    God:
Gold:   72         SH:  4    Dex:  9    Spells: 3/3 levels left

rFire   . . .      SeeInvis .    a - +0 long sword
rCold   . . .      Faith    .    c - +0 buckler
rNeg    + . .      Spirit   .    b - +0 scale mail
rPois   ∞          Reflect  .    (no helmet)
rElec   +          Harm     .    k - +1 cloak
rCorr   .          Rampage  .    (no gloves)
Will    .....                    (no boots) Stlth
                                 (no amulet)
HPRegen 0.24/turn                (no ring)
MPRegen 0.09/turn                (no ring)

@: no status effects
A: sickness immunity, AC +3, negative energy resistance 1, electricity
resistance, torment resistance 1, petrification resistance
a: no special abilities


You were on level 3 of the Dungeon.
You visited 1 branch of the dungeon, and saw 3 of its levels.

You collected 72 gold pieces.

Inventory:

Hand Weapons
 a - a +0 long sword (weapon)
Armour
 b - a +0 scale mail (worn)
 c - a +0 buckler (worn)
 k - a +1 cloak (worn)
Scrolls
 h - a scroll of identify
 j - a scroll of teleportation
 n - a scroll of enchant armour {unknown}
Potions
 d - a potion of might
 f - a potion of resistance
 g - a potion of degeneration {unknown}
 i - a potion of cancellation {unknown}
 l - a potion of heal wounds {unknown}
 m - 2 potions of lignification {unknown}


   Skills:
 + Level 3.5 Fighting
 * Level 2.4 Long Blades
 * Level 3.8 Armour
 + Level 0.6 Dodging
 * Level 4.1 Shields


You had 3 spell levels left.
You didn't know any spells.
Your spell library contained the following spells:

 Spells                   Type           Power      Damage    Failure   Level
 Magic Dart               Conj           0%         1d3       80%         1
 Searing Ray              Conj           0%         2d4       91%         2
 Fulminant Prism          Conj/Hex       0%         3d5       100%        4


Dungeon Overview and Level Annotations

Branches:
Dungeon (3/15)

Altars:

Annotations:
D:2 1 runed translucent door, Crazy Yiuf


Innate Abilities, Weirdness & Mutations

You are immune to sickness and miasma.
Your stone body is resilient. (AC +3)
You are immune to poison.
You resist negative energy. (rN+)
You are resistant to electric shocks. (rElec)
You are resistant to unholy torment.
You are immune to petrification.


Message History

You hit something. Something hits you but does no damage.
The orc hits you from afar with a +0 trident.
The orc hits you but does no damage. Something hits you but does no damage.
You closely miss something. Something hits you but does no damage.
The orc closely misses you.
You miss something. Something hits you.
The orc hits you from afar with a +0 trident.
* * * LOW HITPOINT WARNING * * *
The orc closely misses you. Something hits you but does no damage.
You feel better. Something hits you.
The orc hits you from afar with a +0 trident.
You feel better. Something hits you but does no damage.
The orc hits you from afar with a +0 trident.
* * * LOW HITPOINT WARNING * * *
You miss something. Something hits you but does no damage.
The orc hits you but does no damage.
You miss something. Something hits you.
* * * LOW HITPOINT WARNING * * *
The orc barely misses you.
You miss something. Something hits you.
* * * LOW HITPOINT WARNING * * *
The orc barely misses you. You block the orc's attack.
Something hits you but does no damage.
You miss something. Something hits you but does no damage.
The orc barely misses you.
You miss something. Something hits you but does no damage. The orc misses you.
You miss something. Something hits you but does no damage.
The orc hits you but does no damage. x2; Something hits you but does no damage.
You closely miss something. Something hits you but does no damage.
You block the orc's attack.
You hit something. Something hits you.
* * * LOW HITPOINT WARNING * * *
You block the orc's attack.
You closely miss something. Something hits you but does no damage.
You block the orc's attack.
You miss something. Something hits you.
* * * LOW HITPOINT WARNING * * *
The orc hits you but does no damage.
The orc hits you from afar with a +0 trident.
You die...

#.# #.# #.#
#####.###.# #.#
######.........#
#.#
#...†.........##
#.#
#.####.###.##.#
#.# #.# #..#.#
#(# ##.#.# #.#
#.#.# #.# #.#@#
#.# #.#{# #.#
#.#o# #.#o#
#.#o# ..#B# #..
)..


You could see 3 orcs and a giant cockroach.

Vanquished Creatures
  2 adders (D:2)
  A worm (D:3)
  2 orcs (D:3)
  7 ball pythons
  2 endoplasms (D:2)
  A giant cockroach (D:3)
  5 goblins
  3 hobgoblins
  3 jackals (D:1)
  3 kobolds
  A quokka (D:1)
  3 bats
  3 frilled lizards
  A rat (D:2)
37 creatures vanquished.

Vanquished Creatures (others)
  A fungus (D:2)
1 creature vanquished.

Grand Total: 38 creatures vanquished

Notes
Turn   | Place    | Note
-------+----------+-------------------------------------------
     0 | D:1      | timneilson the Gargoyle Fighter began the quest for the
                  | Orb.
     0 | D:1      | Reached XP level 1. HP: 14/14 MP: 1/1
    88 | D:1      | Reached XP level 2. HP: 19/19 MP: 2/2
   482 | D:2      | Reached XP level 3. HP: 20/23 MP: 3/3
  1104 | D:2      | Reached skill level 4 in Shields
  1447 | D:2      | Found a runed translucent door.
  1448 | D:2      | Noticed Crazy Yiuf
  1559 | D:3      | Reached XP level 4. HP: 24/28 MP: 4/4
  1690 | D:3      | Slain by an orc

Illustrated notes

Levels and vault maps discovered:
D:1:      reono_arrival_mine, layout_rooms
D:2:      layout_loops_corners, uniq_crazy_yiuf_cottage
D:3:      layout_loops_ring, mainiacjoe_overflow_cross_hatched

Skill      XL: |  1  2  3 |
---------------+----------+-----
Long Blades    | 2 |  2.4
Shields        | 4 |  4.1
Fighting       | |  3.5
Armour         | |  3.8
Dodging        | |  0.6

Action                     |  1- 3 |  4- 6 || total
---------------------------+-------+-------++-------
  Melee: Long sword        |   109 |    40 ||   149
    Use: Scroll            |     7 |       ||     7
         Potion            |       |     2 ||     2
 Armour: Scale mail        |    64 |    31 ||    95
  Dodge: Dodged            |    66 |    13 ||    79
  Block: Buckler           |    28 |    15 ||    43

Table legend: (Time is in decaauts)
 A = Elapsed time spent in this place.
 B = Non-inter-level travel time spent in this place.
 C = Inter-level travel time spent in this place.
 D = Time resting spent in this place.
 E = Time spent auto-exploring this place.
 F = Levels seen in this place.
 G = Mean time per level.
                   A        B        C        D        E       F      G
               +--------+--------+--------+--------+--------+-----+--------+
         Total |   1738 |   1705 |     33 |     15 |   1339 |   3 |  579.3 |
       Dungeon |   1738 |   1705 |     33 |     15 |   1339 |   3 |  579.3 |
               +--------+--------+--------+--------+--------+-----+--------+

Top non-repeatable levels by time:
     D:2: 1049 daAuts
     D:1: 479 daAuts
     D:3: 208 daAuts
